 Dungeon Crawl Stone Soup version 0.30-a0-845-g7c6808c8ce (webtiles) character file.

Game seed: 2098194251486098191

98 retardedninja the Shield-Bearer (level 4, -15/41 HPs)
             Began as a Gnoll Fighter on Mar 2, 2023.
             Killed by an exploding orc (34 damage)
             ... ignited by their inner flame
             ... on level 3 of the Dungeon.
             The game lasted 00:02:06 (1706 turns).

retardedninja the Shield-Bearer (Gnoll Fighter)     Turns: 1706, Time: 00:02:07

Health: -15/41     AC:  7    Str: 18    XL:     4   Next: 69%
Magic:  5/5        EV:  9    Int:  7    God:
Gold:   131        SH: 10    Dex: 11    Spells: 5/5 levels left

rFire   . . .      SeeInvis .    a - +1 flail
rCold   . . .      Faith    .    c - +0 buckler
rNeg    . . .      Spirit   .    b - +0 scale mail
rPois   .          Reflect  +    (no helmet)
rElec   .          Rampage  .    (no cloak)
rCorr   .                        (no gloves)
Will    .....                    (no boots) Stlth
                                 l - amulet of reflection
HPRegen 0.26/turn                (no ring)
MPRegen 0.09/turn                (no ring)

@: about to teleport
A: fangs 1, strong nose, distributed training
a: no special abilities


You were on level 3 of the Dungeon.
You visited 1 branch of the dungeon, and saw 3 of its levels.

You collected 131 gold pieces.

Inventory:

Hand Weapons
 a - a +1 flail (weapon)
Armour
 b - a +0 scale mail (worn)
 c - a +0 buckler (worn)
Jewellery
 l - an amulet of reflection (around neck)
 o - a ring of positive energy
Wands
 n - a wand of roots (7)
Potions
 d - a potion of might


   Skills:
 + Level 6.6 Fighting
 + Level 1.2 Short Blades
 + Level 1.2 Long Blades
 + Level 1.2 Axes
 + Level 4.7 Maces & Flails
 + Level 1.2 Polearms
 + Level 1.2 Staves
 + Level 1.2 Ranged Weapons
 + Level 1.2 Throwing
 + Level 6.6 Armour
 + Level 1.2 Dodging
 + Level 1.2 Stealth
 + Level 6.6 Shields
 + Level 1.2 Unarmed Combat
 + Level 1.2 Spellcasting
 + Level 1.0 Conjurations
 + Level 1.0 Hexes
 + Level 1.0 Summonings
 + Level 1.0 Necromancy
 + Level 1.0 Translocations
 + Level 1.0 Transmutations
 + Level 1.0 Fire Magic
 + Level 1.0 Ice Magic
 + Level 1.0 Air Magic
 + Level 1.0 Earth Magic
 + Level 1.0 Poison Magic
 + Level 1.4 Invocations
 + Level 1.2 Evocations


You had 5 spell levels left.
You didn't know any spells.
Your spell library contained the following spells:

 Spells                   Type           Power      Damage    Failure   Level
 Ignite Poison            Fire/Tmut/Pois 1%         N/A       96%         3
 Haunt                    Necr/Summ      0%         N/A       100%        7
 Death's Door             Necr           0%         N/A       100%        9


Dungeon Overview and Level Annotations

Branches:
Dungeon (3/15)

Altars:

Shops:
D:1 :*

Annotations:
D:3 Robin


Innate Abilities, Weirdness & Mutations

You have very sharp teeth.
Your uncanny sense of smell can sniff out nearby items.
Your experience applies equally to all skills.


Message History

As you read the scroll of poison, it crumbles to dust.
The orc hits you with a +0 mace.
It was a potion of heal wounds.
You feel much better. The orc hits you but does no damage.
As you read the scroll labelled QAWKUP QOCSA, it crumbles to dust.
It is a scroll of enchant weapon.
Your +0 flail glows red for a moment.
An orc comes into view. It is wielding a +0 dagger.
The orc throws a boomerang.
You reflect the boomerang off an invisible shield around you!
The boomerang hits the orc.
You block the orc's attack.
As you read the scroll labelled JUORREOKIY, it crumbles to dust.
The creatures around you are filled with an inner flame!
It was a scroll of immolation.
The orc shouts!
The orc throws a boomerang.
The boomerang hits you. The orc hits you but does no damage.
As you read the scroll labelled ONONAT DESHU, it crumbles to dust.
You feel strangely unstable.
It was a scroll of teleportation.
The orc throws a boomerang.
You reflect the boomerang off an invisible shield around you!
The boomerang closely misses the orc.
You block the orc's attack.
The orc priest calls down the wrath of Beogh upon you.
Beogh smites you!
* * * LOW HITPOINT WARNING * * *
As you read the scroll labelled FAL ICOOLESSEWN, it crumbles to dust.
It is a scroll of identify.
h - a potion of curing The endoplasm jiggles.
You block the orc's attack.
You feel better.
The orc throws a boomerang.
You reflect the boomerang off an invisible shield around you!
The boomerang hits the orc.
The orc explodes!
The orc hits you but does no damage.
You sock the orc!
The orc explodes!
The fiery explosion engulfs you!!
Ouch! That really hurt!
You die...

....∆ .... ..... ...
... #+# #.### #####.#
#...####
#.§§§§#####J§§☼#+####
#.§§☼§§§§@§Jo§§☼☼...#
#.☼§☼§§☼§####g§§§.#.#
#.§○☼§§☼o# #...§.#.#
#.☼§§§§§☼# #.o.....#
#.§§§☼#### ##g######
#.○§§§# #..# #.§§o.#
##g# #.o§..# #.#
#..... #.#


You could see an orc priest (inner flame), 3 orcs, 2 endoplasms and a hobgoblin
(inner flame).

Vanquished Creatures
  An orc priest (D:3)
  Jessica (D:2)
  An adder (D:2)
  3 orcs (D:3)
  4 ball pythons
  4 bats (D:1)
  2 endoplasms (D:1)
  A giant cockroach (D:1)
  4 goblins
  A hobgoblin (D:2)
  2 jackals (D:2)
  2 quokkas (D:1)
  2 kobolds (D:1)
28 creatures vanquished.

Notes
Turn   | Place    | Note
-------+----------+-------------------------------------------
     0 | D:1      | retardedninja the Gnoll Fighter began the quest for the
                  | Orb.
     0 | D:1      | Reached XP level 1. HP: 23/23 MP: 1/1
   125 | D:1      | Reached XP level 2. HP: 24/29 MP: 2/2
   238 | D:1      | Got the Anthology of Tainted Unhallowed Liturgies
   304 | D:1      | Found Eroh's Vocational Training.
   462 | D:1      | Found Vughal's General Store.
   999 | D:2      | Reached XP level 3. HP: 35/35 MP: 2/4
  1072 | D:2      | Noticed Jessica
  1076 | D:2      | Killed Jessica
  1077 | D:2      | Reached skill level 1 in Short Blades
  1077 | D:2      | Reached skill level 1 in Long Blades
  1077 | D:2      | Reached skill level 1 in Axes
  1077 | D:2      | Reached skill level 1 in Polearms
  1077 | D:2      | Reached skill level 1 in Staves
  1077 | D:2      | Reached skill level 1 in Ranged Weapons
  1077 | D:2      | Reached skill level 1 in Throwing
  1077 | D:2      | Reached skill level 1 in Dodging
  1077 | D:2      | Reached skill level 1 in Stealth
  1077 | D:2      | Reached skill level 1 in Unarmed Combat
  1077 | D:2      | Reached skill level 1 in Spellcasting
  1077 | D:2      | Reached skill level 1 in Invocations
  1077 | D:2      | Reached skill level 1 in Evocations
  1077 | D:2      | Reached XP level 4. HP: 21/41 MP: 5/5
  1681 | D:3      | Identified the +0 helmet of Xotevian {rElec}
  1681 | D:3      | Noticed Robin
  1682 | D:3      | Reached skill level 1 in Conjurations
  1682 | D:3      | Reached skill level 1 in Hexes
  1682 | D:3      | Reached skill level 1 in Summonings
  1682 | D:3      | Reached skill level 1 in Necromancy
  1682 | D:3      | Reached skill level 1 in Translocations
  1682 | D:3      | Reached skill level 1 in Transmutations
  1682 | D:3      | Reached skill level 1 in Fire Magic
  1682 | D:3      | Reached skill level 1 in Ice Magic
  1682 | D:3      | Reached skill level 1 in Air Magic
  1682 | D:3      | Reached skill level 1 in Earth Magic
  1682 | D:3      | Reached skill level 1 in Poison Magic
  1706 | D:3      | Killed by an exploding orc... ignited by their inner flame

Illustrated notes

Levels and vault maps discovered:
D:1:      dpeg_arrival_chambers_temple_mockup, layout_loops_ring, serial_rivers,
          chequers_serial_rivers_micro_a, chequers_serial_rivers_small_3,
          chequers_serial_rivers_micro_a, chequers_serial_rivers_large_a,
          serial_shops, nicolae_shop_temple_entry_statues_fountains,
          serial_bayou_pond_a, nicolae_shop_vocational
D:2:      layout_rooms, uniq_jessica
D:3:      layout_basic, serial_shops,
          nicolae_shop_temple_entry_statues_fountains, nicolae_goblin_pals

Skill      XL: |  1  2  3  4 |
---------------+-------------+-----
Short Blades   | 1 |  1.2
Long Blades    | 1 |  1.2
Axes           | 1 |  1.2
Polearms       | 1 |  1.2
Staves         | 1 |  1.2
Ranged Weapons | 1 |  1.2
Throwing       | 1 |  1.2
Dodging        | 1 |  1.2
Stealth        | 1 |  1.2
Unarmed Combat | 1 |  1.2
Spellcasting   | 1 |  1.2
Invocations    | 1 |  1.4
Evocations     | 1 |  1.2
Conjurations   | 1 |  1.0
Hexes          | 1 |  1.0
Summonings     | 1 |  1.0
Necromancy     | 1 |  1.0
Translocations | 1 |  1.0
Transmutations | 1 |  1.0
Fire Magic     | 1 |  1.0
Ice Magic      | 1 |  1.0
Air Magic      | 1 |  1.0
Earth Magic    | 1 |  1.0
Poison Magic   | 1 |  1.0
Fighting       | |  6.6
Maces & Flails | |  4.7
Armour         | |  6.6
Shields        | |  6.6

Action                     |  1- 3 |  4- 6 || total
---------------------------+-------+-------++-------
  Melee: Flail             |    58 |    16 ||    74
         Bite              |     9 |     1 ||    10
  Evoke: Wand              |       |     3 ||     3
    Use: Scroll            |       |     7 ||     7
         Potion            |       |     2 ||     2
 Armour: Scale mail        |    28 |     9 ||    37
  Dodge: Dodged            |    25 |     9 ||    34
  Block: Buckler           |    19 |    24 ||    43
         Reflection        |       |     4 ||     4

Table legend: (Time is in decaauts)
 A = Elapsed time spent in this place.
 B = Non-inter-level travel time spent in this place.
 C = Inter-level travel time spent in this place.
 D = Time resting spent in this place.
 E = Time spent auto-exploring this place.
 F = Levels seen in this place.
 G = Mean time per level.
                   A        B        C        D        E       F      G
               +--------+--------+--------+--------+--------+-----+--------+
         Total |   1735 |   1710 |     25 |    275 |   1203 |   3 |  578.3 |
       Dungeon |   1735 |   1710 |     25 |    275 |   1203 |   3 |  578.3 |
               +--------+--------+--------+--------+--------+-----+--------+

Top non-repeatable levels by time:
     D:1: 902 daAuts
     D:2: 782 daAuts
     D:3: 49 daAuts
